 Dungeon Crawl Stone Soup version 0.28.0-43-g3370ac3207 (webtiles) character file.

Game seed: 2398749859073995904

658 tizbic2 the Ruffian (level 7, 0/68 HPs)
             Began as an Ogre Transmuter on Mar 13, 2022.
             Slain by a gnoll sergeant
             ... wielding a +3 trident of protection
              (7 damage)
             ... on level 5 of the Dungeon.
             The game lasted 00:13:48 (4051 turns).

tizbic2 the Ruffian (Ogre Transmuter)               Turns: 4051, Time: 00:13:49

Health: 0/68       AC:  3    Str: 17    XL:     7   Next: 55%
Magic:  10/12      EV:  9    Int: 18    God:
Gold:   248        SH:  0    Dex:  9    Spells: 3/13 levels left

rFire   . . .      SeeInvis .   j - +8 whip "Paruy" {freeze, Contam rPois rCorr Int+4}
rCold   . . .      Faith    .   (no shield)
rNeg    . . .      Spirit   .   a - +0 robe
rPois   +          Reflect  .   (helmet restricted)
rElec   .          Harm     .   (no cloak)
rCorr   +          Rampage  .   (gloves unavailable)
Will    .....                   (boots unavailable)
Stlth   +.........              (no amulet)
HPRegen 0.21/turn               p - ring of wizardry
MPRegen 0.13/turn               (no ring)

@: wereblooded
A: large, unfitting armour, tough skin 1
a: no special abilities


You were on level 5 of the Dungeon.
You visited 1 branch of the dungeon, and saw 5 of its levels.

You collected 248 gold pieces.

Inventory:

Hand Weapons
 j - the +8 whip "Paruy" (weapon) {freeze, Contam rPois rCorr Int+4}
   (You took it off a kobold on level 2 of the Dungeon)

   It freezes those it strikes, dealing additional cold damage.
   It can also slow down cold-blooded creatures.
   Int:       It affects your intelligence (+4).
   rPois:     It protects you from poison.
   Contam:    It causes magical contamination when unequipped.
   rCorr:     It protects you from acid and corrosion.
 l - a +0 short sword of protection
Missiles
 e - 126 stones (quivered)
 s - 5 javelins
Armour
 a - a +0 robe (worn)
Magical Staves
 g - a staff of earth
Jewellery
 p - a ring of wizardry (left hand)
Scrolls
 d - a scroll of fear {unknown}
 h - a scroll of blinking
 i - a scroll of teleportation {unknown}
 k - a scroll of enchant weapon {unknown}
 m - a scroll of noise {unknown}
 o - a scroll of identify
 q - 2 scrolls of immolation {unknown}
 r - a scroll of enchant armour {unknown}
Potions
 b - 2 potions of might {unknown}
 c - a potion of magic
 f - 3 potions of heal wounds {unknown}
 n - 2 potions of brilliance {unknown}


   Skills:
 + Level 3.9 Fighting
 - Level 1.7 Dodging
 * Level 4.6 Unarmed Combat
 + Level 3.8 Spellcasting
 + Level 1.1 Summonings
 * Level 4.0 Transmutations
 + Level 2.0 Ice Magic
 - Level 1.5 Poison Magic


You had 3 spell levels left.
You knew the following spells:

 Your Spells              Type           Power      Damage    Failure   Level
a - Beastly Appendage     Tmut           36%        N/A       1%          1
b - Wereblood             Tmut           18%        N/A       1%          2
c - Spider Form           Tmut/Pois      13%        N/A       6%          3
d - Ice Form              Ice/Tmut       14%        N/A       16%         4

Your spell library contained the following spells:

 Spells                   Type           Power      Damage    Failure   Level
 Magic Dart               Conj           12%        1d3       6%          1
 Call Imp                 Summ           7%         N/A       6%          2
 Frozen Ramparts          Ice            20%        1d4       8%          3
 Static Discharge         Conj/Air       3%         N/A       9%          2
 Mephitic Cloud           Conj/Pois/Air  5%         N/A       16%         3
 Gell's Gravitas          Tloc           3%         N/A       17%         3
 Summon Ice Beast         Ice/Summ       9%         N/A       30%         4
 Dispel Undead            Necr           3%         3d7       50%         4
 Sticky Flame             Conj/Fire      3%         2d3       50%         4
 Malign Gateway           Summ/Tloc      2%         N/A       100%        7


Dungeon Overview and Level Annotations

Branches:
Dungeon (5/15)
 Temple: D:4-7

Altars:

Shops:
D:3 *


Innate Abilities, Weirdness & Mutations

You are too large for most types of armour.
You have tough skin. (AC +1)


Message History

The gnoll sergeant hits you from afar with a +3 trident of protection!
Casting: Spider Form (dangerous; 16% risk of failure)
Confirm with . or Enter, or press ? or * to list all spells.
Your blood is infused with primal strength.
The black bear bites you. The black bear claws you.
The black bear barely misses you. The gnoll sergeant closely misses you.
You hit the black bear.
The black bear is moderately wounded.
The black bear closely misses you. The black bear barely misses you. x2
The gnoll sergeant hits you from afar with a +3 trident of protection.
You completely miss the black bear.
The black bear is moderately wounded.
The black bear closely misses you. The black bear barely misses you.
The black bear closely misses you.
The gnoll sergeant completely misses you.
You barely miss the black bear.
The black bear is moderately wounded.
The black bear barely misses you. The black bear closely misses you.
The black bear claws you but does no damage.
The gnoll sergeant hits you from afar with a +3 trident of protection!
You bite the black bear!
The black bear is heavily wounded.
The gnoll sergeant misses you. The black bear barely misses you.
The black bear completely misses you. The black bear barely misses you.
You bite the black bear!
The black bear is almost dead.
You hit the black bear.
The black bear is almost dead.
The black bear completely misses you. The black bear closely misses you.
The black bear claws you.
The gnoll sergeant hits you from afar with a +3 trident of protection!
* * * LOW HITPOINT WARNING * * *
Your transformation has ended.
The +8 whip "Paruy" {freeze, Contam rPois rCorr Int+4} unmelds from your body.
Your +0 robe unmelds from your body.
The +8 whip "Paruy" {freeze, Contam rPois rCorr Int+4} glows with a cold blue light!
You whack the black bear! You freeze the black bear.
You feel a bit better.
You kill the black bear!
The gnoll sergeant hits you from afar with a +3 trident of protection!
You die...

#.# #.# #.#
#.# #.# #.#
#.# #.# #.#
#.# #.# .
#@###....
#†.......
#...gg####....
#....g ..
#..... #.....
#..... ######


You could see a gnoll sergeant and a gnoll.

Vanquished Creatures
  A black bear (D:5)
  An ogre (D:5)
  5 scorpions
  A howler monkey (D:5)
  A bullfrog zombie (D:5)
  2 hounds
  An orc priest (D:4)
  An iguana (D:4)
  A gnoll (D:5)
  2 adders
  A shadow imp (D:5)
  A white imp (D:5)
  2 worms
  A dart slug (D:4)
  6 orcs
  5 ball pythons
  5 endoplasms
  2 giant cockroaches
  5 goblins
  5 hobgoblins
  3 jackals (D:3)
  A quokka (D:1)
  3 bats
  2 frilled lizards
  8 kobolds
  A rat (D:2)
67 creatures vanquished.

Notes
Turn   | Place    | Note
-------+----------+-------------------------------------------
     0 | D:1      | tizbic2 the Ogre Transmuter began the quest for the Orb.
     0 | D:1      | Reached XP level 1. HP: 19/19 MP: 3/3
   149 | D:1      | Reached XP level 2. HP: 26/27 MP: 3/5
   153 | D:1      | Learned a level 2 spell: Wereblood
   663 | D:1      | Found a faded altar of an unknown god.
  1432 | D:2      | Identified the +8 whip "Paruy" {freeze, Contam rPois rCorr
                  | Int+4}
  1440 | D:2      | Reached XP level 3. HP: 12/35 MP: 7/7
  1713 | D:2      | Learned a level 3 spell: Spider Form
  1920 | D:3      | Identified the +4 ring mail "Nuepad" {Drain Will+ Str+2
                  | Slay+2}
  2417 | D:3      | Found Woussiq's General Store.
  2722 | D:4      | Got the Papyrus of Dislocated Moulding
  2783 | D:4      | Noticed a scorpion
  2793 | D:4      | Killed a scorpion
  2793 | D:4      | HP: 1/35 [poisoned by a scorpion]
  2794 | D:4      | Reached XP level 4. HP: 2/44 MP: 8/8
  3141 | D:4      | Reached XP level 5. HP: 48/50 MP: 9/9
  3152 | D:4      | Learned a level 4 spell: Ice Form
  3195 | D:4      | Reached skill level 1 in Poison Magic
  3197 | D:4      | Reached skill level 1 in Ice Magic
  3429 | D:4      | Reached XP level 6. HP: 37/61 MP: 4/10
  3861 | D:5      | Entered Level 5 of the Dungeon
  3881 | D:5      | Reached XP level 7. HP: 67/67 MP: 8/12
  3921 | D:5      | Reached skill level 1 in Summonings
  4051 | D:5      | Slain by a gnoll sergeant

Illustrated notes

Levels and vault maps discovered:
D:1:      heliophobic_arrival_henge, layout_basic,
          shapermc_ecumenical_altar_mp_vishouse, chequers_serial_rivers_small_b
D:2:      layout_rooms
D:3:      layout_loops_ring, serial_shops, shop, minmay_door_square,
          minmay_misc_feat_x
D:4:      layout_cave_pools
D:5:      layout_loops_ring, grunt_temple_overflow_open, nicolae_shop_gadgets

Skill      XL: |  1  2  3  4  5  6  7 |
---------------+----------------------+-----
Transmutations | 2 3 4 |  4.0
Unarmed Combat | 3 4 |  4.6
Fighting       | 2 3 |  3.9
Spellcasting   | 3 |  3.8
Poison Magic   | 1 |  1.5
Ice Magic      | 1 2 |  2.0
Summonings     | 1 |  1.1
Dodging        | |  1.7

Action                   |  1- 3 |  4- 6 |  7- 9 || total
-------------------------+-------+-------+-------++-------
Melee: Unarmed           |     7 |    46 |    35 ||    88
       Dagger            |     4 |       |       ||     4
       Staff             |    48 |       |       ||    48
       Headbutt          |     9 |       |       ||     9
       Kick              |    14 |       |       ||    14
       Whip              |    41 |     8 |     2 ||    51
Throw: Stone             |     9 |       |       ||     9
 Cast: Beastly Appendage |    18 |       |       ||    18
       Wereblood         |     2 |     2 |     2 ||     6
       Spider Form       |       |     6 |     3 ||     9
  Use: Scroll            |     2 |       |       ||     2
       Potion            |       |     2 |       ||     2
Armor: Robe              |    40 |     1 |       ||    41
       Skin              |       |     2 |     1 ||     3
Dodge: Dodged            |    62 |    51 |    45 ||   158
